 Dungeon Crawl Stone Soup version 0.31-a0-557-g6e16503903 (webtiles) character file.

Game seed: 13978711859793326417

133 Shayle the Trooper (level 5, -3/54 HPs)
             Began as an Ogre Shapeshifter on Aug 16, 2023.
             Slain by Grinder (6 damage)
             ... on level 3 of the Dungeon.
             The game lasted 00:04:19 (2051 turns).

Shayle the Trooper (Ogre Shapeshifter)              Turns: 2051, Time: 00:04:20

Health: -3/54      AC:  3    Str: 29    XL:     5   Next: 16%
Magic:  8/9        EV:  9    Int: 11    God:
Gold:   132        SH:  0    Dex:  9    Spells: 9/9 levels left

rFire   . . .        q - +7 dagger "Azout" {venom, rPois rC++ Str+4}
rCold   + + .        (no shield)
rNeg    . . .        a - +0 animal skin
rPois   +            (helmet currently unavailable)
rElec   .            (cloak currently unavailable)
rCorr   .            (gloves unavailable)
SInv    .            (boots unavailable)
Will    .....        (no amulet)
Stlth   +            m - +6 ring of strength
HPRegen 0.29/turn    (no ring)
MPRegen 0.11/turn

%: no passive effects
@: beast-form
A: beast (slay +2), large, unfitting armour, tough skin 1
a: Begin Untransformation


You were on level 3 of the Dungeon.
You were a hulking beast.
You visited 1 branch of the dungeon, and saw 3 of its levels.

You collected 132 gold pieces.

Inventory:

Hand Weapons
 q - the +7 dagger "Azout" (weapon) {venom, rPois rC++ Str+4}
   (You found it on level 2 of the Dungeon)

   Str+4:     It affects your strength (+4).
   rC++:      It greatly protects you from cold.
   rPois:     It protects you from poison
Armour
 a - a +0 animal skin (worn)
Jewellery
 g - a ring of flight
 m - a +6 ring of strength (left hand)
Talismans
 c - a beast talisman (active)
 d - a flux talisman
Scrolls
 e - a scroll of enchant armour {unknown}
 f - 2 scrolls of teleportation {unknown}
 j - 2 scrolls of blinking {unknown}
 k - 4 scrolls of identify {unknown}
 n - a scroll of poison {unknown}
 p - a scroll of amnesia {unknown}
Potions
 b - a potion of lignification
 h - a potion of attraction {unknown}
 i - a potion of resistance {unknown}
 l - a potion of mutation {unknown}
 o - a potion of heal wounds {unknown}


   Skills:
 + Level 3.9 Fighting
 - Level 1.7 Dodging
 + Level 3.6 Unarmed Combat
 + Level 2.6 Spellcasting
 - Level 3.0 Shapeshifting


You had 9 spell levels left.
You didn't know any spells.
Your spell library contained the following spells:

 Spells                   Type           Power      Damage    Failure   Level
 Ozocubu's Armour         Ice            1%         N/A       63%         3
 Metabolic Englaciation   Hex/Ice        0%         N/A       100%        5
 Simulacrum               Ice/Necr       0%         N/A       100%        6


Dungeon Overview and Level Annotations

Branches:
Dungeon (3/15)

Altars:
Trog

Annotations:
D:3 2 transporters, Grinder; Sirjeffry24's ghost, novice FoFi


Innate Abilities, Weirdness & Mutations

You are a hulking beast.
Your limbs bulge with bestial killing power. (Slay +2)
You are too large for most types of armour.
You have tough skin. (AC +1)


Message History

a +0 club; an orc corpse You see here the +7 dagger "Azout" {venom, rPois rC++ Str+4}.
q - the +7 dagger "Azout" {venom, rPois rC++ Str+4} You feel stronger.
The +7 dagger "Azout" {venom, rPois rC++ Str+4} begins to drip with poison!
q - the +7 dagger "Azout" (weapon)
{venom, rPois rC++ Str+4}
There is a stone staircase leading down here.
You climb downwards.
Level annotation: 2 transporters, Grinder; Sirjeffry24's ghost, novice FoFi
There is a stone staircase leading up here.
A gnoll is nearby!
The gnoll shouts!
There is a stone staircase leading up here.
The gnoll hits you from afar with a +0 halberd!
The gnoll hits you with a +0 halberd.
Grinder blinks!
You hit the gnoll.
The gnoll is poisoned.
The gnoll is lightly wounded.
The gnoll hits you with a +0 halberd.
You puncture the gnoll!
You kill the gnoll!
Grinder hits you.
Things that are here:
a +0 halberd; 11 gold pieces; a gnoll corpse You barely miss Grinder.
Grinder closely misses you.
You closely miss Grinder. Grinder hits you but does no damage.
You barely miss Grinder. Grinder hits you!
You writhe in agony.
You hit Grinder.
Grinder is lightly wounded.
Grinder hits you.
You writhe in agony.
You puncture Grinder!
Grinder is lightly wounded.
Grinder gestures at you. Pain shoots through your body!
* * * LOW HITPOINT WARNING * * *
You puncture Grinder!
Grinder is moderately wounded.
Grinder hits you!
* * * LOW HITPOINT WARNING * * *
You writhe in agony.
You die...

###^..###.######.##..######
#.##...#...## #.##..#
#.##........## #.##..#######
#.##._.[.....###.##.........
#†##....#.....##.##.########
#.##...##........##..#
##.'..###....<######.#
###### #....## #.# ###h##
#.# #5# #.# # #.# #####)# #
#.# #.....#######
#.####.....g....##
#.##...o.o.####...
#..#.#.....# ####
##.#.#.....# # ###.#.###.###
#


You could see Grinder.

Vanquished Creatures
  Jessica (D:3)
  2 gnolls (D:3)
  4 adders (D:2)
  A dart slug (D:1)
  4 orcs
  2 endoplasms (D:1)
  2 giant cockroaches (D:2)
  4 goblins
  2 hobgoblins
  2 quokkas
  5 ball pythons
  6 bats
  3 frilled lizards
  2 kobolds (D:2)
  10 rats
50 creatures vanquished.

Notes
Turn   | Place    | Note
-------+----------+-------------------------------------------
     0 | D:1      | Shayle the Ogre Shapeshifter began the quest for the Orb.
     0 | D:1      | Reached XP level 1. HP: 19/19 MP: 1/1
   139 | D:1      | Reached XP level 2. HP: 28/28 MP: 1/3
   153 | D:1      | Reached skill level 1 in Spellcasting
   462 | D:1      | Found a faded altar of an unknown god.
   845 | D:2      | Reached XP level 3. HP: 18/36 MP: 3/5
  1051 | D:2      | Identified the +7 dagger "Azout" {venom, rPois rC++ Str+4}
  1205 | D:2      | Reached XP level 4. HP: 31/45 MP: 5/7
  1501 | D:3      | Found a bloodstained altar of Trog.
  1541 | D:3      | Found a transporter.
  1545 | D:3      | Noticed Sirjeffry24's ghost (novice FoFi)
  1551 | D:3      | Found a transporter.
  1628 | D:3      | Noticed Jessica
  1635 | D:3      | Killed Jessica
  1690 | D:3      | Noticed Grinder
  1855 | D:2      | Reached XP level 5. HP: 21/54 MP: 8/8
  2051 | D:3      | Slain by Grinder

Illustrated notes

Levels and vault maps discovered:
D:1:      dpeg_arrival_ratfight, layout_loops_cross,
          shapermc_ecumenical_altar_flowoftime
D:2:      layout_rooms
D:3:      layout_loops_ring, trog_butcher_becter, gammafunk_ghost_mausoleum,
          st_stairs_12, uniq_crazy_yiuf_cottage, uniq_jessica, uniq_grinder

Skill      XL: |  1  2  3 |
---------------+----------+-----
Fighting       | 2 3 |  3.9
Spellcasting   | 1 2 |  2.6
Unarmed Combat | 3 |  3.6
Dodging        | |  1.7
Shapeshifting  | |  3.0

Action                     |  1- 3 |  4- 6 || total
---------------------------+-------+-------++-------
  Melee: Unarmed           |    99 |    50 ||   149
         Punch             |     1 |       ||     1
         Dagger            |       |     8 ||     8
   Stab: Sleeping          |     1 |       ||     1
 Armour: Animal skin       |    34 |    11 ||    45
  Dodge: Dodged            |    48 |    24 ||    72

Table legend: (Time is in decaauts)
 A = Elapsed time spent in this place.
 B = Non-inter-level travel time spent in this place.
 C = Inter-level travel time spent in this place.
 D = Time resting spent in this place.
 E = Time spent auto-exploring this place.
 F = Levels seen in this place.
 G = Mean time per level.
                   A        B        C        D        E       F      G
               +--------+--------+--------+--------+--------+-----+--------+
         Total |   2044 |   1933 |    111 |    314 |   1220 |   3 |  681.3 |
       Dungeon |   2044 |   1933 |    111 |    314 |   1220 |   3 |  681.3 |
               +--------+--------+--------+--------+--------+-----+--------+

Top non-repeatable levels by time:
     D:1: 909 daAuts
     D:2: 901 daAuts
     D:3: 233 daAuts
